 Dungeon Crawl Stone Soup version 0.21-a0-521-g1cd18d1 (webtiles) character file.

5590 Ketzopolo the Basher (level 10, -2/64 HPs)
             Began as a Gargoyle Berserker on Dec 5, 2017.
             Was an Elder of Trog.
             Killed by divine providence
             ... invoked by an orc priest
              (15 damage)
             ... on level 9 of the Dungeon.
             The game lasted 00:45:31 (8630 turns).

Ketzopolo the Basher (Gargoyle Berserker)           Turns: 8630, Time: 00:46:01

Health: -2/64      AC: 21    Str: 22    XL:     10   Next: 72%
Magic:  0/10       EV:  7    Int:  7    God:    Trog [****..]
Gold:   460        SH:  0    Dex: 12    Spells: 9/9 levels left

rFire    + . .     SeeInvis .   G - +0 morningstar
rCold    + + .     Gourm    .   (no shield)
rNeg     + . .     Faith    .   y - +0 plate armour {rF+}
rPois    ∞         Spirit   +   (no helmet)
rElec    +         Reflect  .   (no cloak)
rCorr    .         Harm     .   H - +0 pair of gloves
MR       ++...                  (no boots)
Stlth    ..........             F - amulet of guardian spirit
HPRegen  1.20/turn              v - ring of protection from cold
MPRegen  0.12/turn              n - ring of protection from cold

@: regenerating
A: negative energy resistance 1, electricity resistance, unbreathing,
petrification resistance, rot immunity, AC +7
a: Berserk, Trog's Hand, Brothers in Arms, Burn Spellbooks, Renounce Religion


You were on level 9 of the Dungeon.
You worshipped Trog.
Trog was greatly pleased with you.
You were near starving.

You visited 2 branches of the dungeon, and saw 10 of its levels.

You collected 460 gold pieces.

Inventory:

Hand Weapons
 r - a +4 flail of protection
 w - a +2 flail of crushing
 G - a +0 morningstar (weapon)
Missiles
 C - 7 silver javelins (quivered)
Armour
 l - a +0 pair of gloves of archery
 y - a +0 plate armour of fire resistance (worn)
 H - a +0 pair of gloves (worn)
Jewellery
 n - a ring of protection from cold (right hand)
 v - a ring of protection from cold (left hand)
 F - an amulet of guardian spirit (around neck)
Wands
 b - a wand of polymorph (20)
 k - a wand of random effects (42)
 q - a wand of digging (33)
Scrolls
 a - a scroll of fear {unknown}
 h - 2 scrolls of amnesia
 j - 9 scrolls of remove curse
 p - 7 scrolls of teleportation {unknown}
 t - a scroll of enchant weapon {unknown}
 u - a scroll of blinking
 x - a scroll of vulnerability {unknown}
Potions
 e - 3 potions of agility
 g - a potion of invisibility {unknown}
 i - 5 potions of curing
 m - a potion of might
 o - 2 potions of ambrosia
 s - a potion of brilliance
 z - a potion of haste
 A - 2 potions of lignification {unknown}
 D - a potion of heal wounds {unknown}
 E - a potion of flight {unknown}
Comestibles
 c - 5 bread rations
 d - 2 royal jellies
 f - 6 meat rations
 B - 2 chunks of flesh


   Skills:
 * Level 7.8 Fighting
 * Level 12.3 Maces & Flails
 + Level 4.1 Throwing
 + Level 6.4 Armour
 - Level 1.5 Dodging


You had 9 spell levels left.
You didn't know any spells.

Dungeon Overview and Level Annotations

Branches:
Dungeon (9/15)             Temple (1/1) D:5             Orc (0/2) D:9
   Lair: D:8-11

Altars:
Ashenzari
Cheibriados
Dithmenos
Elyvilon
Fedhas
Hepliaklqana
Kikubaaqudgha
Makhleb
Nemelex Xobeh
Okawaru
Qazlal
Ru
Trog
Uskayaw
Vehumet
Wu Jian
Xom
Yredelemnul
Zin
The Shining One
Beogh


Innate Abilities, Weirdness & Mutations

You are resistant to torment.
Your stone body is resilient. (AC +7)
You are immune to poison.
You resist negative energy. (rN+)
You are resistant to electric shocks. (rElec)
You can survive without breathing.
You are immune to petrification.
You are immune to rotting.


Message History

You hit the orc but do no damage.
You recover from your berserk rage.
The orc warrior closely misses you. The orc hits you but does no damage.
You bludgeon the orc!!
You kill the orc!
Trog accepts your kill.
The orc warrior hits you from afar with a halberd!
* * * LOW HITPOINT WARNING * * *
Your ogre goes berserk!
You are near starving!
The orc warrior hits you from afar with a halberd.
* * * LOW HITPOINT WARNING * * *
You feel the effects of Trog's Hand fading.
The orc hits your ogre with a mace of protection!
Your ogre hits the orc with a giant spiked club!!
The orc dies!
Trog accepts your kill.
The orc priest calls down the wrath of Beogh upon you.
Beogh smites you!
You die...

#......#...o.._..
##....o)#.........
#oo.....#......>..
#oo.....##########
#o######.........
#o)....#.........
#O#....#.........
#.#....#......... #@+
...#......... #...#
...#.......###
#...######.#######..
#...........'........
#...........#........
#...........+........
######......#........
#......#........
#......####'####


You could see an orc warrior, an orc priest, 4 orcs and a friendly ogre
(berserk).

Vanquished Creatures
  The ghost of Aviak the Transmogrifier, a journeyman OpTm of Wu Jian (D:8)
  Pikel (D:6)
  A troll (D:9)
  A hippogriff (D:7)
  A wyvern (D:7)
  Grum (D:7)
  3 orc warriors
  An ice beast (D:9)
  A slave (D:6)
  2 phantoms
  4 sky beasts
  A necrophage (D:5)
  4 wolves (D:7)
  6 ogres
  A centaur (D:8)
  3 bullfrogs
  A wyvern skeleton (D:8)
  9 killer bees
  2 howler monkeys
  3 crimson imps
  A quasit (D:8)
  A bullfrog zombie (D:8)
  A centaur zombie (D:9)
  5 hounds
  A jelly (D:7)
  4 orc priests
  A bullfrog skeleton (D:6)
  5 orc wizards
  Terence (D:2)
  An iguana (D:7)
  9 worker ants
  A hound skeleton (D:8)
  Robin (D:4)
  4 gnolls
  7 adders
  2 oozes
  2 adder skeletons
  4 worms
  4 dart slugs
  4 leopard geckos
  26 orcs
  7 giant cockroaches
  15 goblins
  12 hobgoblins
  6 jackals
  5 kobolds
  3 quokkas
  A ball python (D:1)
  9 bats
  10 frilled lizards
  6 rats
  2 plants (D:5)
208 creatures vanquished.

Vanquished Creatures (collateral kills)
  An orc (D:9)
1 creature vanquished.

Grand Total: 209 creatures vanquished

Notes
Turn   | Place    | Note
-------+----------+-------------------------------------------
     0 | D:1      | Ketzopolo the Gargoyle Berserker began the quest for the Orb.
     0 | D:1      | Reached XP level 1. HP: 14/14 MP: 1/1
    66 | D:1      | Reached XP level 2. HP: 13/19 MP: 2/2
   611 | D:1      | You fall through a shaft!
   721 | D:2      | Found a shadowy altar of Dithmenos.
   721 | D:2      | Found a shimmering altar of Xom.
   757 | D:2      | Reached skill level 4 in Maces & Flails
   757 | D:2      | Reached XP level 3. HP: 19/23 MP: 3/3
  1400 | D:1      | Reached XP level 4. HP: 26/28 MP: 4/4
  1702 | D:2      | Reached ** piety under Trog
  1790 | D:2      | Reached skill level 5 in Maces & Flails
  2212 | D:2      | Noticed Terence
  2216 | D:2      | Killed Terence
  2311 | D:2      | Found a shattered altar of Ashenzari.
  2732 | D:3      | Reached XP level 5. HP: 31/32 MP: 5/5
  2765 | D:3      | Reached skill level 6 in Maces & Flails
  3372 | D:4      | Reached XP level 6. HP: 37/37 MP: 6/6
  3411 | D:4      | Reached skill level 7 in Maces & Flails
  3673 | D:4      | Noticed a phantom
  3704 | D:4      | Killed a phantom
  3704 | D:4      | Reached *** piety under Trog
  3704 | D:4      | Reached XP level 7. HP: 31/41 MP: 7/7
  3878 | D:4      | Reached skill level 8 in Maces & Flails
  4252 | D:4      | Noticed Robin
  4279 | D:4      | Killed Robin
  4377 | D:5      | Entered Level 5 of the Dungeon
  4462 | D:5      | Found a staircase to the Ecumenical Temple.
  4507 | Temple   | Entered the Ecumenical Temple
  4767 | D:5      | Reached skill level 9 in Maces & Flails
  4953 | D:5      | Reached XP level 8. HP: 28/46 MP: 8/8
  5340 | D:5      | Reached skill level 10 in Maces & Flails
  5379 | D:5      | Found an ornate altar of the Wu Jian Council.
  5623 | D:6      | Reached skill level 1 in Throwing
  5977 | D:6      | Noticed Pikel
  5993 | D:6      | Killed Pikel
  5993 | D:6      | Reached XP level 9. HP: 49/52 MP: 9/9
  6064 | D:6      | Received a gift from Trog
  6536 | D:7      | Reached skill level 11 in Maces & Flails
  6873 | D:7      | Reached skill level 5 in Fighting
  6995 | D:8      | Noticed Grum
  7175 | D:7      | Killed Grum
  7175 | D:7      | Reached skill level 5 in Armour
  7474 | D:7      | Reached XP level 10. HP: 39/60 MP: 10/10
  7640 | D:8      | Noticed Aviak's ghost (journeyman OpTm)
  7769 | D:8      | Killed Aviak's ghost
  7769 | D:8      | Received a gift from Trog
  7773 | D:8      | Reached skill level 12 in Maces & Flails
  7879 | D:8      | Found a stormy altar of Qazlal.
  7879 | D:8      | Found a glowing silver altar of Zin.
  7965 | D:8      | Reached **** piety under Trog
  8145 | D:8      | Found a glowing golden altar of the Shining One.
  8282 | D:9      | Found an ornate altar of the Wu Jian Council.
  8585 | D:9      | Found a roughly hewn altar of Beogh.
  8585 | D:9      | Found a staircase to the Orcish Mines.
  8630 | D:9      | Killed from afar by an orc priest

Vault maps used:
D:1:      minmay_arrival_plants_in_alcoves, nrook_uturn
D:2:      wad_river_or_something, gammafunk_temple_overflow_pools,
          nicolae_overflow_crystal_walls, uniq_terence
D:4:      first_bread, uniq_robin
D:5:      kennysheep_big_flooded_room, kennysheep_mini,
          minmay_temple_entry_overgrown
D:6:      uniq_pikel
D:7:      uniq_duvessa
D:8:      gammafunk_temple_overflow_elements, nicolae_tso_swordbearing_angel,
          uniq_grum
D:9:      lemuel_doored_altar, kennysheep_mini_moat, david_orc_5, basic_altar,
          serial_shops, shop
Temple:   nicolae_temple_figure_eight

Skill      XL: |  1  2  3  4  5  6  7  8  9 10 |
---------------+-------------------------------+-----
Maces & Flails | 4 5 6 7 9 10 11 12 | 12.3
Throwing       | 2 3 4 |  4.1
Armour         | 3 5 6 |  6.4
Fighting       | 4 5 7 |  7.8
Dodging        | |  1.5

Action                   |  1- 3 |  4- 6 |  7- 9 | 10-12 || total
-------------------------+-------+-------+-------+-------++-------
Melee: Mace              |    94 |    66 |   129 |       ||   289
       Flail             |       |   175 |   164 |   114 ||   453
       Morningstar       |       |       |       |    84 ||    84
Invok: Berserk           |     1 |     3 |     8 |     3 ||    15
       Trog's Hand       |       |     2 |     3 |     1 ||     6
       Burn Spellbooks   |       |       |     1 |       ||     1
       Brothers in Arms  |       |       |       |     1 ||     1
  Use: Scroll            |       |     3 |     7 |     1 ||    11
       Potion            |       |     1 |       |       ||     1
  Eat: Chunk             |     2 |    12 |    17 |     7 ||    38
       Royal jelly       |       |       |     1 |       ||     1
Armor: Animal skin       |    38 |    22 |       |       ||    60
       Chain mail        |       |   136 |    78 |       ||   214
       Plate armour      |       |       |   126 |   191 ||   317
Dodge: Dodged            |    73 |    97 |   135 |    92 ||   397

Table legend:
 A = Spawn XP
 B = Non-spawn XP
 C = Spawn XP percentage of total XP
 D = Spawn monster count
 E = Non-spawn monster count
 F = Spawn count percentage of total count
 G = Total turns spent on level
                    A         B        C        D         E        F      G
               +---------+---------+-------+---------+---------+-------+---------
         Total |       0 |    7987 |   0.0 |       0 |     206 |   0.0 |  8630
               +---------+---------+-------+---------+---------+-------+---------
           D:1 |       0 |      30 |   0.0 |       0 |      15 |   0.0 |  1012
           D:2 |       0 |     127 |   0.0 |       0 |      30 |   0.0 |  1607
           D:3 |       0 |     159 |   0.0 |       0 |      28 |   0.0 |   694
           D:4 |       0 |     555 |   0.0 |       0 |      27 |   0.0 |  1064
           D:5 |       0 |     906 |   0.0 |       0 |      18 |   0.0 |  1036
           D:6 |       0 |    1246 |   0.0 |       0 |      22 |   0.0 |   804
           D:7 |       0 |    1765 |   0.0 |       0 |      20 |   0.0 |  1322
           D:8 |       0 |    2288 |   0.0 |       0 |      26 |   0.0 |   546
           D:9 |       0 |     911 |   0.0 |       0 |      20 |   0.0 |   352
               +---------+---------+-------+---------+---------+-------+---------
